 Dungeon Crawl Stone Soup version 0.28-a0-773-g130ae17fe5 (webtiles) character file.

Game seed: 8930617121325269015

100 Essalna the Firebug (level 4, -1/24 HPs)
             Began as a Gargoyle Fire Elementalist on Nov 2, 2021.
             Slain by a quasit (3 damage)
             ... summoned by Eustachio
             ... on level 4 of the Dungeon.
             The game lasted 00:03:56 (2921 turns).

Essalna the Firebug (Gargoyle Fire Elementalist)    Turns: 2921, Time: 00:03:56

Health: -1/24      AC:  6    Str: 12      XL:     4   Next: 73%
Magic:  3/8        EV: 11    Int: 16      God:
Gold:   42         SH:  0    Dex:  6 (10) Spells: 6/9 levels left

rFire   . . .      SeeInvis .   o - +1 mace (protect)
rCold   . . .      Faith    .   (no shield)
rNeg    + . .      Spirit   .   a - +0 robe
rPois   ∞          Reflect  .   (no helmet)
rElec   +          Harm     .   f - +0 cloak
rCorr   .          Rampage  .   (no gloves)
Will    .....                   (no boots)
Stlth   +.........              i - amulet of regeneration
HPRegen 1.08/turn               (no ring)
MPRegen 0.11/turn               (no ring)

@: no status effects
A: sickness immunity, AC +3, negative energy resistance 1, electricity
resistance, torment resistance 1, petrification resistance
a: no special abilities


You were on level 4 of the Dungeon.
You visited 1 branch of the dungeon, and saw 4 of its levels.

You collected 42 gold pieces.

Inventory:

Hand Weapons
 d - a +0 short sword
 o - a +1 mace of protection (weapon)
Armour
 a - a +0 robe (worn)
 f - a +0 cloak (worn)
Jewellery
 i - an amulet of regeneration (around neck)
Scrolls
 c - a scroll of vulnerability {unknown}
 h - a scroll of identify {unknown}
 j - 2 scrolls of fog {unknown}
 k - a scroll of enchant armour {unknown}
 l - 2 scrolls of blinking {unknown}
Potions
 b - 2 potions of mutation {unknown}
 e - a potion of heal wounds {unknown}
 g - a potion of ambrosia {unknown}
 m - a potion of curing {unknown}
 n - a potion of attraction {unknown}


   Skills:
 - Level 1.5 Dodging
 - Level 2.1 Stealth
 + Level 3.0 Spellcasting
 + Level 2.8 Conjurations
 + Level 3.9 Fire Magic


You had 6 spell levels left.
You knew the following spells:

 Your Spells              Type           Power      Damage    Failure   Level
a - Foxfire               Conj/Fire      52%        2x1d6     4%          1
b - Scorch                Fire           30%        2d7       5%          2

Your spell library contained the following spells:

 Spells                   Type           Power      Damage    Failure   Level
 Magic Dart               Conj           44%        1d5       6%          1
 Searing Ray              Conj           22%        2d5       9%          2
 Conjure Flame            Conj/Fire      13%        6-21      14%         3
 Inner Flame              Hex/Fire       8%         N/A       26%         3
 Flame Wave               Conj/Fire      13%        3d5       43%         4
 Fulminant Prism          Conj/Hex       3%         3d6       71%         4


Dungeon Overview and Level Annotations

Branches:
Dungeon (4/15)
 Temple: D:4-7

Altars:

Annotations:
D:4 Eustachio


Innate Abilities, Weirdness & Mutations

You are immune to sickness and miasma.
Your stone body is resilient. (AC +3)
You are immune to poison.
You resist negative energy. (rN+)
You are resistant to electric shocks. (rElec)
You are resistant to unholy torment.
You are immune to petrification.


Message History

The white imp gestures at you. The puff of frost hits you!
Casting: Foxfire (safe; 4% risk of failure)
Confirm with . or Enter, or press ? or * to list all spells.
You conjure some foxfire!
Eustachio hits you but does no damage. The white imp gestures at you.
The puff of frost hits you but does no damage.
You completely miss Eustachio.
Eustachio is heavily wounded.
The foxfire hits Eustachio.
Eustachio is heavily wounded.
The foxfire hits Eustachio.
Eustachio is severely wounded.
The quasit closely misses you.
The quasit claws you but does no damage.
The quasit barely misses you. Eustachio misses you.
The white imp closely misses you. The quasit closely misses you.
The quasit misses you.
The quasit claws you but does no damage.
Casting: Foxfire (safe; 4% risk of failure)
Confirm with . or Enter, or press ? or * to list all spells.
You conjure some foxfire!
Eustachio gestures wildly while chanting.
The white imp hits you. The white imp freezes you.
The white imp gestures at you. The puff of frost hits you!
The quasit barely misses you. x2
The quasit misses you.
You miss Eustachio.
Eustachio is severely wounded.
The foxfire hits the white imp!
The white imp is burned terribly!
The white imp is severely wounded.
The foxfire hits Eustachio but does no damage.
Eustachio is severely wounded.
Eustachio closely misses you.
The white imp shouts, "Slither home, thou pandering limp-willed wagtail!"
The white imp gestures at you. The puff of frost hits you!
* * * LOW HITPOINT WARNING * * *
The white imp closely misses you. The quasit bites you.
You die...

#################
#..........55b..###
#.#######v#@@br....
#!# #.#.5.#.###
#.#### #.#####
######....# #.#
.<......#§......
#######...####..
##@## #... .# #.#.
.# #...#


You could see Eustachio, a quasit (summoned), 2 white imps, a quokka (summoned)
and 2 bats.

Vanquished Creatures
  4 adders (D:2)
  An ufetubus (D:4)
  A worm (D:2)
  2 dart slugs
  5 ball pythons
  2 bats
  4 endoplasms
  3 giant cockroaches
  7 goblins
  8 hobgoblins
  A quokka (D:1)
  2 frilled lizards
  2 kobolds
  6 rats
48 creatures vanquished.

Vanquished Creatures (others)
  182 foxfires
182 creatures vanquished.

Grand Total: 230 creatures vanquished

Notes
Turn   | Place    | Note
-------+----------+-------------------------------------------
     0 | D:1      | Essalna the Gargoyle Fire Elementalist began the quest for
                  | the Orb.
     0 | D:1      | Reached XP level 1. HP: 10/10 MP: 3/3
     3 | D:1      | Noticed an electric eel
     4 | D:1      | Noticed an electric eel
   511 | D:1      | Reached XP level 2. HP: 15/15 MP: 0/5
  1231 | D:2      | Reached XP level 3. HP: 15/19 MP: 3/6
  1334 | D:2      | Learned a level 2 spell: Scorch
  1661 | D:2      | Reached XP level 4. HP: 19/24 MP: 6/8
  2867 | D:4      | Noticed Eustachio
  2921 | D:4      | Slain by a quasit

Illustrated notes

Levels and vault maps discovered:
D:1:      arrival_aquarium_b, layout_loops_ring
D:2:      layout_basic
D:3:      layout_basic, shapermc_ecumenical_altar_ellora,
          chequers_serial_rivers_micro_b
D:4:      minmay_clustersquares, layout_loops_ring, minmay_temple_entry_mist,
          gammafunk_ghost_arena, uniq_eustachio, uniq_ijyb, uniq_edmund

Skill      XL: |  1  2  3  4 |
---------------+-------------+-----
Conjurations   | 2 |  2.8
Spellcasting   | 3 |  3.0
Dodging        | |  1.5
Stealth        | |  2.1
Fire Magic     | |  3.9

Action                   |  1- 3 |  4- 6 || total
-------------------------+-------+-------++-------
Melee: Unarmed           |     9 |       ||     9
       Short sword       |    22 |    14 ||    36
       Mace              |       |    24 ||    24
 Cast: Foxfire           |    67 |    51 ||   118
Armor: Robe              |     6 |    47 ||    53
Dodge: Dodged            |    20 |    59 ||    79

Table legend: (Time is in decaauts)
 A = Elapsed time spent in this place.
 B = Non-inter-level travel time spent in this place.
 C = Inter-level travel time spent in this place.
 D = Time resting spent in this place.
 E = Time spent auto-exploring this place.
 F = Levels seen in this place.
 G = Mean time per level.
                   A        B        C        D        E       F      G
               +--------+--------+--------+--------+--------+-----+--------+
         Total |   2932 |   2873 |     59 |      0 |   2457 |   4 |  733.0 |
       Dungeon |   2932 |   2873 |     59 |      0 |   2457 |   4 |  733.0 |
               +--------+--------+--------+--------+--------+-----+--------+

Top non-repeatable levels by time:
     D:2: 1287 daAuts
     D:1: 1227 daAuts
     D:3: 301 daAuts
     D:4: 115 daAuts
